 Dungeon Crawl Stone Soup version 0.20-a0-1127-g1289703 (webtiles) character file.

196 Lochraine the Poker (level 6, 0/48 HPs)
             Began as a Human Monk on May 18, 2017.
             Was a Believer of Zin.
             Killed from afar by an orc wizard (5 damage)
             ... with a magic dart
             ... on level 4 of the Dungeon.
             The game lasted 00:11:28 (4645 turns).

Lochraine the Poker (Human Monk)                    Turns: 4645, Time: 00:11:29

Health: 0/48       AC:  9    Str: 13    XL:     6   Next: 4%
Magic:  6/6        EV:  6    Int: 11    God:    Zin [**....]
Gold:   199        SH:  4    Dex: 15    Spells: 5/5 levels left

rFire    . . .     SeeInvis .   s - +0 trident
rCold    . . .     Gourm    .   u - +0 buckler
rNeg     . . .     Faith    .   g - +0 chain mail
rPois    +         Spirit   .   (no helmet)
rElec    .         Reflect  .   (no cloak)
rCorr    .         Harm     .   (no gloves)
MR       .....                  w - +0 pair of boots {run}
Stlth    ..........             (no amulet)
Regen    0.2/turn               l - ring of stealth
MPRegen  0.1/turn               i - ring of poison resistance

@: quick
A: no striking features
a: Recite, Vitalisation, Donate Gold, Renounce Religion


You were on level 4 of the Dungeon.
You worshipped Zin.
Zin was pleased with you.
You were very hungry.

You visited 2 branches of the dungeon, and saw 5 of its levels.

You collected 221 gold pieces.
You donated 22 gold pieces to Zin.

Inventory:

Hand Weapons
 a - a +0 spear
 s - a +0 trident (weapon)
   (You took it off an orc on level 3 of the Dungeon)
Armour
 b - a +0 robe
 g - a +0 chain mail (worn)
   (You found it on level 1 of the Dungeon)
 u - a +0 buckler (worn)
   (You found it on level 3 of the Dungeon)
 w - a +0 pair of boots of running (worn)
   (You found it on level 3 of the Dungeon)
Jewellery
 i - a ring of poison resistance (right hand)
   (You found it on level 1 of the Dungeon)
 l - a ring of stealth (left hand)
   (You found it on level 2 of the Dungeon)
Scrolls
 c - a scroll of teleportation {@r4}
 h - a scroll of identify {@r1}
 m - 2 scrolls of immolation {!r}
 n - 3 scrolls of remove curse {@r2}
 p - a scroll of enchant armour {unknown}
Potions
 d - a potion of resistance
 e - 2 potions of curing {@q1}
 r - a potion of lignification {unknown}
 t - a potion of mutation {unknown}
 v - a potion of might {unknown}
Comestibles
 j - 4 meat rations
 q - 3 bread rations


   Skills:
 + Level 4.0 Fighting
 + Level 4.4 Polearms
 + Level 2.3 Armour
 - Level 3.1 Dodging
 - Level 2.0 Stealth
 * Level 1.3 Shields


You had 5 spell levels left.
You didn't know any spells.

Dungeon Overview and Level Annotations

Branches:
Dungeon (4/15)             Temple (1/1) D:4

Altars:
Ashenzari
Cheibriados
Elyvilon
Fedhas
Gozag
Kikubaaqudgha
Makhleb
Okawaru
Qazlal
Ru
Sif Muna
Trog
Uskayaw
Vehumet
Yredelemnul
Zin

Annotations:
D:4 Sigmund


Message History

You resist with some effort.
The orc priest hits you but does no damage.
Okay, then.
Okay, then.
It was a potion of curing.
You feel better.
The orc wizard hits you but does no damage.
The orc priest hits you but does no damage.
Your chain mail prevents you from hitting the orc priest.
The orc wizard hits you but does no damage.
The orc priest hits you.
* * * LOW HITPOINT WARNING * * *
You clear your throat and prepare to recite. "In a great set of silver scales are weighed the..."
The orc wizard casts a spell at you. The puff of flame hits you!
* * * LOW HITPOINT WARNING * * *
The orc priest barely misses you.
Your chain mail prevents you from hitting the orc priest. "...souls of the hordes of the Abyss, and with their discordant..."
The orc wizard points at you and mumbles some strange words.
You resist with some effort. The orc priest barely misses you.
The orc wizard hits you with a dagger.
* * * LOW HITPOINT WARNING * * *
Your chain mail prevents you from hitting the orc priest. "...ways, the balance hath tipped against them!"
The orc priest is confused by your recitation.
The orc wizard is smitten by the wrath of Zin.
You finish reciting Apostates 11:31.
The orc priest barely misses the orc wizard.
The orc wizard hits you with a dagger.
* * * LOW HITPOINT WARNING * * *
You barely miss the orc priest.
The orc wizard points at you and mumbles some strange words.
The magic dart hits you!
* * * LOW HITPOINT WARNING * * *
The orc wizard gestures wildly while chanting.
The orc wizard seems to speed up.
The orc wizard mumbles some strange words.
The orc wizard blinks!
The orc wizard closely misses you.
The orc wizard gestures at you while chanting.
You resist with some effort.
You are ready to recite again.
The orc wizard gestures at you while chanting.
You resist with some effort.
The orc wizard gestures at you while chanting.
The magic dart hits you!
* * * LOW HITPOINT WARNING * * *
The orc wizard gestures at you while chanting.
The magic dart hits you!
You die...

######## ######.o.o..#
ยง...##.####.###############
.....oo####.o.............#
###$.....o......@..######.#
##888###########.# #.#
#8...8## #.# #.# #8.>...#
#.# #.# #8...8.# #.# #.#
###888#.# #.# #.#
........#########.# #.#
######.........).#.# #.#
.............###.#.# #.#


You could see 2 orc wizards.

Vanquished Creatures
  A centaur skeleton (D:4)
  An iguana (D:4)
  5 adders (D:3)
  A gnoll (D:2)
  3 worms
  4 dart slugs
  2 leopard geckos (D:3)
  4 orcs
  A ball python (D:4)
  2 giant cockroaches
  9 goblins
  10 hobgoblins
  3 jackals (D:1)
  A kobold (D:1)
  2 quokkas (D:3)
  9 bats
  4 frilled lizards
  3 rats
65 creatures vanquished.

Notes
Turn   | Place    | Note
-------+----------+-------------------------------------------
     0 | D:1      | Lochraine the Human Monk began the quest for the Orb.
     0 | D:1      | Reached XP level 1. HP: 18/18 MP: 1/1
   220 | D:1      | Reached XP level 2. HP: 21/24 MP: 2/2
   528 | D:1      | Reached XP level 3. HP: 28/29 MP: 3/3
   864 | D:2      | Reached skill level 1 in Armour
  1070 | D:2      | HP: 1/29 [gnoll/halberd (2)]
  1856 | D:2      | Noticed Sigmund
  2072 | D:2      | Reached XP level 4. HP: 35/35 MP: 4/4
  3098 | D:3      | Reached XP level 5. HP: 30/42 MP: 5/5
  3611 | D:3      | Identified a +0 pair of boots of running (You found it on level 3 of the Dungeon)
  3871 | D:4      | Reached skill level 1 in Shields
  3993 | D:4      | Reached XP level 6. HP: 23/48 MP: 6/6
  4269 | D:4      | Found a staircase to the Ecumenical Temple.
  4282 | Temple   | Entered the Ecumenical Temple
  4462 | Temple   | Became a worshipper of Zin the Law-Giver
  4462 | Temple   | Reached * piety under Zin
  4462 | Temple   | Reached ** piety under Zin
  4645 | D:4      | Killed from afar by an orc wizard

Vault maps used:
D:1:      noname_arrival_rooms_in_the_neighbourhood
D:2:      first_bread, uniq_sigmund
D:4:      kennysheep_big_flooded_room, tso_altar, lemuel_coloured_pillars_altar,
          minmay_temple_entry_statues, nicolae_ru_awakened_eye
Temple:   regret_index_temple_sphere_string

Skill      XL: |  1  2  3  4  5 |
---------------+----------------+-----
Armour         | 1 2 |  2.3
Polearms       | 4 |  4.4
Fighting       | 4 |  4.0
Shields        | 1 |  1.3
Dodging        | |  3.1
Stealth        | |  2.0

Action                   |  1- 3 |  4- 6 || total
-------------------------+-------+-------++-------
Melee: Spear             |   148 |    96 ||   244
       Trident           |       |   167 ||   167
Invok: Recite            |       |     1 ||     1
  Use: Scroll            |     4 |     2 ||     6
       Potion            |       |     1 ||     1
  Eat: Chunk             |     3 |     7 ||    10
       Fruit             |       |     1 ||     1
Armor: Chain mail        |    61 |   134 ||   195
Dodge: Dodged            |    27 |    53 ||    80
Block: Buckler           |       |    18 ||    18
